 Dungeon Crawl Stone Soup version 0.18-a0-750-g37044d6 (webtiles) character file.

284 Arkorax the Sneak (level 6, 0/47 HPs)
             Began as a Vampire Assassin on Dec 12, 2015.
             Was an Initiate of Cheibriados.
             Killed from afar by an orc wizard (10 damage)
             ... with a puff of frost
             ... on level 4 of the Dungeon.
             The game lasted 00:04:43 (2744 turns).

Arkorax the Sneak (Vampire Assassin)                Turns: 2744, Time: 00:04:43

Health: 0/47       AC:  6    Str: 11    XL:     6   Next: 7%
Magic:  3/6        EV: 12    Int: 15    God:    Cheibriados [......]
Gold:   205        SH:  5    Dex: 18    Spells: 0 memorised, 5 levels left

rFire  . . .     SeeInvis +     a - +2 dagger
rCold  . . .     Clarity  .     c - +0 robe
rNeg   . . .     SustAt   .     u - +0 buckler
rPois  .         Gourm    .     i - +0 helmet
rElec  .         Spirit   .     d - +0 cloak
rCorr  .         Dismiss  .     s - +1 pair of gloves
rMut   .         Stasis   .     (no boots)
MR     .....                    (no amulet)
Stlth  ++++......               (no ring)
                                (no ring)

@: regenerating quickly, very slow, not resistant to hostile enchantments,
stealthy
A: fangs 3, see invisible, unbreathing
a: Bend Time, Renounce Religion


You were on level 4 of the Dungeon.
You worshipped Cheibriados.
Cheibriados was noncommittal.
You were full.

You visited 1 branch of the dungeon, and saw 4 of its levels.

You collected 205 gold pieces.

Inventory:

Hand Weapons
 a - a +2 dagger (weapon)
 b - a +0 blowgun
Missiles
 e - 19 poisoned needles
 f - 2 curare-tipped needles
Armour
 c - a +0 robe (worn)
 d - a +0 cloak (worn)
 i - a +0 helmet (worn)
 s - a +1 pair of gloves (worn)
 u - a +0 buckler (worn)
Jewellery
 h - an uncursed ring of loudness
 l - an uncursed amulet of inaccuracy
Wands
 x - a wand of paralysis (18)
 y - a wand of digging (13)
Scrolls
 m - a scroll of enchant armour {unknown}
 n - 3 scrolls of remove curse
 p - a scroll of immolation {unknown}
 q - a scroll of enchant weapon {unknown}
 t - a scroll of teleportation
 w - a scroll of amnesia {unknown}
 z - 2 scrolls of identify {unknown}
 A - a scroll of noise {unknown}
Potions
 g - a potion of blood
 j - a potion of heal wounds {unknown}
 k - 2 potions of might {unknown}
 o - 3 potions of brilliance {unknown}
 r - a potion of cure mutation {unknown}
 v - a potion of poison {unknown}
 B - a potion of lignification {unknown}


   Skills:
 - Level 3.2 Fighting
 - Level 4.1 Short Blades
 - Level 1.5 Throwing
 - Level 1.1 Dodging
 + Level 7.4 Stealth
 * Level 2.4 Shields


You had 5 spell levels left.
You didn't know any spells.

Dungeon Overview and Level Annotations

Branches:
Dungeon (4/15)
 Temple: D:4-7

Altars:
Ashenzari
Cheibriados
Pakellas
The Shining One

Annotations:
D:3 Arkorax's ghost, amateur NaMo


Innate Abilities, Weirdness & Mutations

Your natural rate of healing is unusually fast.
You have razor-sharp teeth.
You have supernaturally acute eyesight.
You can survive without breathing.


Message History

Cheibriados rebukes the orc.
The orc seems to slow down.
Cheibriados rebukes the orc.
The orc seems to slow down.
Cheibriados rebukes the orc wizard.
The orc wizard seems to slow down.
Cheibriados rebukes the orc.
The orc seems to slow down.
You feel slightly less full. The orc wizard casts a spell at you.
The puff of frost misses you. You block the orc wizard's attack.
The orc barely misses you. The orc misses you.
The orc hits you with a hand axe.
* * * LOW HITPOINT WARNING * * *
You see here a long sword.
The orc barely misses you. The orc wizard casts a spell at you.
You block the puff of flame.
The orc wizard gestures at you while chanting.
The puff of frost hits you!
You die...

..#._. ........## #...###
.........
####.###.......#
#.#....###.....##
##.##............#
#...#....(.#.....###
##...##.....#.......#
#...o.#...........#.#
#....o#.@....######.#
###.ooo.###### #.#
#........########.#####
+........+.............
#........########.#####
...................#
#.#.....########..#.#####
#.#.....########........#
# ###...................#


You could see 2 orc wizards and an orc.

Vanquished Creatures
  An ogre (D:4)
  A hound (D:4)
  A worker ant (D:4)
  2 orc wizards (D:3)
  Terence (D:3)
  An adder (D:3)
  An adder skeleton (D:3)
  A giant gecko (D:1)
  4 orcs (D:3)
  A giant cockroach (D:2)
  4 goblins
  5 hobgoblins
  2 jackals (D:1)
  3 quokkas
  2 ball pythons
  4 bats
  8 giant newts
  5 kobolds
  8 rats
55 creatures vanquished.

Notes
Turn   | Place    | Note
--------------------------------------------------------------
     0 | D:1      | Arkorax the Vampire Assassin began the quest for the Orb.
     0 | D:1      | Reached XP level 1. HP: 16/16 MP: 1/1
   154 | D:1      | Reached XP level 2. HP: 22/22 MP: 2/2
   548 | D:1      | Reached skill level 6 in Stealth
   845 | D:2      | Reached XP level 3. HP: 28/28 MP: 3/3
  1031 | D:2      | Found an oddly glowing altar of Pakellas.
  1344 | D:3      | Noticed Terence
  1348 | D:3      | Killed Terence
  1369 | D:3      | Noticed Arkorax's ghost (amateur NaMo)
  1415 | D:3      | Reached XP level 4. HP: 31/34 MP: 4/4
  2041 | D:3      | Reached XP level 5. HP: 41/41 MP: 5/5
  2167 | D:3      | Found a snail-covered altar of Cheibriados.
  2167 | D:3      | Found an oddly glowing altar of Pakellas.
  2168 | D:3      | Found a glowing golden altar of the Shining One.
  2174 | D:3      | Became a worshipper of Cheibriados the Contemplative
  2492 | D:4      | Noticed an ogre
  2493 | D:4      | Killed an ogre
  2493 | D:4      | Reached skill level 7 in Stealth
  2533 | D:4      | Reached XP level 6. HP: 26/47 MP: 6/6
  2708 | D:4      | Found a shattered altar of Ashenzari.
  2744 | D:4      | Killed from afar by an orc wizard

Vault maps used:
D:1:      dpeg_arrival_round_b
D:2:      grunt_pakellas_basics
D:3:      gammafunk_temple_overflow_claw, uniq_terence
D:4:      nicolae_ashenzari_panopticon, uniq_blork_the_orc

Action                   |  1- 3 |  4- 6 || total
-------------------------+-------+-------++-------
Melee: Dagger            |    91 |   109 ||   200
Invok: Bend Time         |       |     1 ||     1
  Use: Scroll            |     2 |       ||     2
       Potion            |     1 |     1 ||     2
 Stab: Sleeping          |    12 |     8 ||    20
  Eat: Corpse            |     6 |     6 ||    12
